 Dungeon Crawl Stone Soup version 0.27-a0-681-g0c81a3c1c3 (webtiles) character file.

Game seed: 3638378040267881091

17978 jasper the Basher (level 12, -11/67 HPs)
             Began as a Vine Stalker Berserker on Mar 19, 2021.
             Was an Elder of Trog.
             Killed by divine providence
             ... invoked by a meliai
              (15 damage)
             ... on level 14 of the Dungeon.
             The game lasted 00:23:29 (11728 turns).

jasper the Basher (Vine Stalker Berserker)         Turns: 11728, Time: 00:23:29

Health: -11/67     AC: 16    Str: 23    XL:     12   Next: 53%
Magic:  0/13       EV:  9    Int:  5    God:    Trog [****..]
Gold:   693        SH:  8    Dex: 25    Spells: 11/11 levels left

rFire    + . .     SeeInvis .   B - +1 whip (elec)
rCold    . . .     Faith    .   m - +1 buckler
rNeg     . . .     Spirit   +   y - +1 chain mail of Vakuos {+Blink rF+ Int-2}
rPois    .         Reflect  .   (no helmet)
rElec    .         Harm     .   q - +0 cloak
rCorr    .         Rampage  .   P - +0 pair of fencer's gloves {Riposte Dex+3}
Will     +++..                  i - +0 pair of boots
Stlth    ..........             (no amulet)
HPRegen  2.21/turn              r - +6 ring of dexterity
MPRegen  0.13/turn              (no ring)

@: lethally poisoned (-11 -> -11), about to teleport, very slightly
contaminated, regenerating
A: fangs 3, regeneration 1, magic shield, antimagic bite, no potion heal 3
a: Renounce Religion, Evoke Blink, Berserk, Trog's Hand, Brothers in Arms


You were on level 14 of the Dungeon.
You worshipped Trog.
Trog was greatly pleased with you.
You visited 1 branch of the dungeon, and saw 15 of its levels.
You also visited: Bailey.

You collected 1263 gold pieces.
You spent 570 gold pieces at shops.

Inventory:

Hand Weapons
 p - a +0 whip of venom
 B - a +1 whip of electrocution (weapon)
 K - the +6 scimitar of the Beast {protect, rElec rPois SInv Stlth-}
   (You found it on level 9 of the Dungeon)

   It grants its wielder temporary protection when it strikes (+7 to AC).
   It insulates you from electricity.
   It protects you from poison.
   It lets you see invisible.
   It makes you less stealthy.
 T - a +3 morningstar of flaming
Missiles
 u - 5 curare-tipped darts
 A - 54 poisoned darts (quivered)
 S - a throwing net
Armour
 i - a +0 pair of boots (worn)
 m - a +1 buckler (worn)
 q - a +0 cloak (worn)
 y - the +1 chain mail of Vakuos (worn) {+Blink rF+ Int-2}
   (You found it on level 8 of the Dungeon)

   It affects your intelligence (-2).
   It protects you from fire.
   It lets you blink.
 I - a scarf of invisibility
 P - the +0 pair of fencer's gloves (worn) {Riposte Dex+3}
   (You bought it in a shop on level 10 of the Dungeon)

   It affects your dexterity (+3).
Jewellery
 r - a +6 ring of dexterity (right hand)
Wands
 a - a wand of charming (5)
 w - a wand of paralysis (22)
 x - a wand of digging (5)
 N - a wand of flame (15)
 O - a wand of polymorph (24)
 R - a wand of mindburst (13)
Scrolls
 d - 3 scrolls of random uselessness
 f - 2 scrolls of enchant weapon
 j - a scroll of teleportation
 o - a scroll of immolation
 v - 3 scrolls of enchant armour
 H - a scroll of vulnerability
Potions
 c - 4 potions of lignification
 e - a potion of heal wounds
 h - a potion of haste
 k - 3 potions of brilliance
 l - 7 potions of curing
 C - 3 potions of attraction
 E - a potion of magic
 F - 2 potions of might
 G - 3 potions of flight
 J - a potion of berserk rage {unknown}
Miscellaneous
 M - a phantom mirror (inert)
 Q - a phial of floods (inert)


   Skills:
 * Level 9.7 Fighting
 - Level 12.0 Maces & Flails
 * Level 8.6 Armour
 - Level 1.5 Dodging
 + Level 4.8 Shields
 * Level 3.5 Evocations


You had 11 spell levels left.
You didn't know any spells.
Your spell library was empty.

Dungeon Overview and Level Annotations

Branches:
Dungeon (15/15)            Temple (0/1) D:7            Lair (0/6) D:11
    Orc (0/2) D:10         Bailey (visited)
 Vaults: D:13-14     Depths: D:15

Altars:
Ashenzari
Elyvilon
Fedhas
Gozag
Hepliaklqana
Makhleb
Nemelex Xobeh
Qazlal
Sif Muna
Trog
Zin
The Shining One

Shops:
D:10 *

Annotations:
D:12 3 runed translucent doors, Synwij's ghost, journeyman DsFi
D:13 Josephine


Innate Abilities, Weirdness & Mutations

You have razor-sharp teeth.
Your natural rate of healing is unusually fast.
When hurt, damage is shared between your health and your magic reserves.
Your bite disrupts and absorbs the magic of your enemies.
Potions cannot restore your health.


Message History

You resist with almost no effort.
The cyan ugly thing tentacle-slaps you but does no damage.
As you read the scroll of fog, it crumbles to dust.
The scroll dissolves into smoke.
You feel sick. You block the cyan ugly thing's attack.
As you read the scroll of teleportation, it crumbles to dust.
You feel strangely unstable.
You feel sick.
The meliai invokes the aid of its god against you.
Something smites you! The cyan ugly thing tentacle-slaps you.
The cyan ugly thing shocks you!
* * * LOW HITPOINT WARNING * * *
You take 21 damage, and have 11/67 hp.
MASSIVE DAMAGE!!
You now have 4/13 mp.
Okay, then.
Okay, then.
Unknown command.
Okay, then.
Unknown command.
You hit the meliai. Lightning courses through the meliai!
You bite the meliai, but do no damage.
The meliai is severely wounded.
You feel sick. You block the meliai's attack. The meliai closely misses you.
The meliai calls upon its god to heal the meliai.
The meliai is healed somewhat.
The meliai hits you but does no damage. The meliai stings you.
You now have 3/13 mp.
You closely miss the meliai. Your bite misses the meliai.
The meliai is moderately wounded.
The meliai hits you with a +0 war axe.
* * * LOW HITPOINT WARNING * * *
You block the meliai's attack. x2; The meliai barely misses you.
The cyan ugly thing tentacle-slaps you but does no damage.
You take 2 damage, and have 9/67 hp.
You now have 2/13 mp.
You hit the meliai. Your bite misses the meliai.
The meliai is heavily wounded.
You feel sick. The meliai hits you with a +0 war axe.
* * * LOW HITPOINT WARNING * * *
The meliai stings you but does no damage.
The meliai invokes the aid of its god against you.
Something smites you!
You die...

...##...# ......
....##...# ......
#...##...####......
#...##............
#...##........#
#...##...##.###
###...##...###u##
....u.##...# ##u##
......##.).# ##@#
###.u.##uu.# #yy§.....
#...##)..# #y§§.....
#........#####....y...
###.....)...............
.....................y..
.....##########.........
.....# #......... .....#


You could see 2 ugly things and 3 meliai.

Vanquished Creatures
  Harold (D:11)
  Erolcha (D:12)
  A centaur warrior (D:14)
  3 death yaks (D:11)
  A two-headed ogre (D:12)
  Pikel (D:5)
  6 ugly things
  A slime creature (D:12)
  Maggie (D:6)
  A centaur skeleton (D:14)
  A kobold demonologist (D:10)
  A redback zombie (D:9)
  A hornet (D:10)
  Prince Ribbit (D:5)
  A meliai zombie (D:11)
  A spriggan (shapeshifter) (D:12)
  Menkaure (D:5)
  A steam dragon (D:8)
  Edmund (D:4)
  4 water moccasins
  Duvessa (D:5)
  4 orc warriors
  2 ice beasts
  2 necrophages
  4 sky beasts
  An ogre (D:9)
  12 centaurs
  2 phantoms
  3 lemures (D:5)
  11 kobold brigands
  6 bullfrogs
  Dowan (D:5)
  3 scorpions
  A wyvern skeleton (D:15)
  8 killer bees (D:7)
  13 wights
  8 howler monkeys
  4 bullfrog zombies
  4 centaur zombies
  A gnoll shaman (D:7)
  5 orc priests
  3 bullfrog skeletons
  5 hounds
  5 jellies
  5 iguanas
  8 orc wizards
  3 hell rats (D:11)
  7 worker ants
  A hound zombie (D:8)
  2 hound skeletons
  A howler monkey zombie (D:6)
  A worker ant zombie (D:9)
  13 gnolls
  11 adders
  A howler monkey skeleton (D:5)
  2 white imps (D:6)
  3 ufetubi
  2 oozes
  3 worms
  3 dart slugs (D:1)
  8 leopard geckos
  36 orcs
  2 ball pythons
  4 giant cockroaches
  5 goblins
  8 hobgoblins
  5 jackals
  17 kobolds
  7 quokkas
  7 bats
  2 frilled lizards
  A quokka skeleton (D:5)
  13 rats
320 creatures vanquished.

Vanquished Creatures (collateral kills)
  3 slime creatures (D:12)
  2 centaurs (D:11)
  An adder (D:12)
6 creatures vanquished.

Vanquished Creatures (others)
  2 centaurs (D:14)
2 creatures vanquished.

Grand Total: 328 creatures vanquished

Notes
Turn   | Place    | Note
-------+----------+-------------------------------------------
     0 | D:1      | jasper the Vine Stalker Berserker began the quest for the
                  | Orb.
     0 | D:1      | Reached XP level 1. HP: 11/11 MP: 2/2
   340 | D:1      | Reached skill level 3 in Maces & Flails
   340 | D:1      | Reached XP level 2. HP: 16/16 MP: 3/3
   773 | D:1      | Reached XP level 3. HP: 20/20 MP: 4/4
  1501 | D:2      | Found a sparkling altar of Nemelex Xobeh.
  1846 | D:2      | Found a hazy altar of Hepliaklqana.
  1915 | D:2      | Gained mutation: Your natural rate of healing is unusually
                  | fast. [Vine Stalker growth]
  1915 | D:2      | Reached XP level 4. HP: 24/24 MP: 5/5
  2440 | D:3      | Reached ** piety under Trog
  2458 | D:3      | Reached skill level 1 in Shields
  2458 | D:3      | Reached XP level 5. HP: 28/28 MP: 6/6
  2649 | D:3      | Reached skill level 4 in Maces & Flails
  2674 | D:3      | Found a white marble altar of Elyvilon.
  3221 | D:4      | Found a blossoming altar of Fedhas.
  3268 | D:4      | Found a bloodstained altar of Trog.
  3384 | D:4      | Noticed Edmund
  3399 | D:4      | Killed Edmund
  3400 | D:4      | Reached XP level 6. HP: 33/33 MP: 7/7
  3806 | D:5      | Entered Level 5 of the Dungeon
  3844 | D:5      | Noticed Prince Ribbit
  3864 | D:5      | Killed Prince Ribbit
  3865 | D:5      | Reached skill level 5 in Maces & Flails
  3865 | D:5      | Reached XP level 7. HP: 36/37 MP: 8/8
  4183 | D:5      | Gained mutation: You have razor-sharp teeth. [Vine Stalker
                  | growth]
  4183 | D:5      | Reached XP level 8. HP: 42/42 MP: 9/9
  4196 | D:5      | Noticed Duvessa
  4198 | D:5      | Noticed Dowan
  4210 | D:5      | Killed Duvessa
  4211 | D:5      | Reached skill level 6 in Maces & Flails
  4211 | D:5      | Killed Dowan
  4306 | D:5      | Noticed Menkaure
  4315 | D:5      | Killed Menkaure
  4364 | D:5      | Found a glowing golden altar of the Shining One.
  4515 | D:5      | Reached *** piety under Trog
  4769 | D:5      | Reached skill level 5 in Fighting
  4810 | D:5      | Noticed Pikel
  4823 | D:5      | Killed Pikel
  4824 | D:5      | Reached skill level 7 in Maces & Flails
  4824 | D:5      | Reached XP level 9. HP: 47/47 MP: 10/10
  5305 | D:6      | Noticed Maggie
  5315 | D:6      | Killed Maggie
  5316 | D:6      | Reached skill level 8 in Maces & Flails
  5372 | D:6      | Reached skill level 5 in Armour
  5539 | D:6      | Found a stormy altar of Qazlal.
  6106 | D:7      | Found a staircase to the Ecumenical Temple.
  6153 | D:7      | Reached **** piety under Trog
  6209 | D:7      | Reached skill level 9 in Maces & Flails
  6209 | D:7      | Reached XP level 10. HP: 51/53 MP: 11/11
  6380 | D:7      | Found a burning altar of Makhleb.
  7017 | D:8      | Found an opulent altar of Gozag.
  7455 | D:8      | Identified the +1 chain mail of Vakuos {+Blink rF+ Int-2}
  7967 | D:9      | Identified the +6 scimitar of the Beast {protect, rElec
                  | rPois SInv Stlth-}
  8133 | D:9      | Found a shimmering blue altar of Sif Muna.
  8133 | D:9      | Found a broken altar of Ashenzari.
  8264 | D:9      | Found a glowing silver altar of Zin.
  8266 | D:9      | Found Zin's Purification Station.
  8271 | D:9      | Bought a potion of curing for 90 gold pieces
  8614 | D:10     | Entered Level 10 of the Dungeon
  8772 | D:10     | Reached skill level 10 in Maces & Flails
  8942 | D:10     | Found a staircase to the Orcish Mines.
  9683 | D:10     | Found Wuedgh's General Store.
  9691 | D:10     | Bought the +0 pair of fencer's gloves {Riposte Dex+3} for
                  | 480 gold pieces
  9691 | D:10     | Found the +0 pair of fencer's gloves {Riposte Dex+3}
  9701 | D:10     | Noticed a kobold demonologist
  9721 | D:10     | Killed a kobold demonologist
  9759 | D:10     | Reached XP level 11. HP: 59/59 MP: 12/12
  9767 | D:10     | Reached ***** piety under Trog
  9928 | D:11     | Found a flagged portal.
  9948 | Bailey   | Entered a bailey
 10058 | Bailey   | Found an iron altar of Okawaru.
 10201 | D:11     | Noticed a red ugly thing
 10225 | D:11     | Killed a white ugly thing
 10226 | D:11     | Reached skill level 11 in Maces & Flails
 10326 | D:11     | Noticed Harold
 10342 | D:11     | Killed Harold
 10444 | D:11     | Found a staircase to the Lair.
 10444 | D:11     | Noticed a death yak
 10459 | D:11     | Killed a death yak
 10483 | D:11     | Noticed a death yak
 10486 | D:11     | Noticed a death yak
 10507 | D:11     | Killed a death yak
 10510 | D:11     | Received a gift from Trog
 10522 | D:11     | Killed a death yak
 10768 | D:12     | Noticed a manticore
 10770 | D:12     | Found a runed translucent gate.
 10770 | D:12     | Found a runed translucent gate.
 10770 | D:12     | Found a runed translucent gate.
 10771 | D:12     | Noticed Synwij's ghost (journeyman DsFi)
 11007 | D:12     | Reached skill level 12 in Maces & Flails
 11051 | D:12     | Noticed a two-headed ogre
 11070 | D:12     | Killed a two-headed ogre
 11071 | D:12     | Reached skill level 1 in Evocations
 11071 | D:12     | Reached XP level 12. HP: 66/66 MP: 13/13
 11373 | D:12     | Noticed Erolcha
 11383 | D:12     | Killed Erolcha
 11425 | D:12     | You fall into a shaft and drop 3 floors!
 11425 | D:15     | Entered Level 15 of the Dungeon
 11550 | D:15     | Noticed a tengu warrior
 11572 | D:13     | Noticed Josephine
 11667 | D:14     | Noticed a centaur warrior
 11678 | D:14     | Killed a centaur warrior
 11728 | D:14     | Killed from afar by a meliai

Illustrated notes

Levels and vault maps discovered:
D:1:      minmay_arrival_split_and_join, layout_loops_cross
D:2:      layout_rooms, lemuel_crystal_altar, overflow_temple_1_default
D:3:      layout_basic, nicolae_elyvilon_temple_path
D:4:      cheibrodos_pilgrimage, layout_rooms, lemuel_doored_altar, bloody_trog,
          hex_large, minmay_misc_feat_roman, uniq_edmund
D:5:      layout_basic, marbit_many_paths, uniq_menkaure, uniq_duvessa,
          uniq_prince_ribbit1, uniq_pikel
D:6:      layout_basic, nicolae_overflow_hidden_temple, uniq_maggie
D:7:      layout_basic, kennysheep_mini, minmay_temple_entry_sparse_star,
          eino_jars
D:8:      layout_basic, lemuel_round_altar, st_stairs_7
D:9:      layout_loops_cross, zin_purify, gammafunk_temple_overflow_wave
D:10:     layout_basic, hiddenorc2_lemuel, special_room [special_room_kobold],
          serial_shops, shop, serial_curves, eino_curves_03, eino_curves_04,
          eino_curves_01
D:11:     layout_rooms, dpeg_lair_monsters, enter_bailey_6, uniq_harold
D:12:     layout_roguey, gammafunk_ghost_split, minmay_misc_feat_columns,
          uniq_erolcha
D:13:     layout_small_grid, ximxim_vaults_locker_room, bh_circular_ruins,
          uniq_rupert, uniq_josephine
D:14:     layout_small_grid, gauntlet_entry_generic,
          nicolae_hepliaklqana_hazy_memory
D:15:     hangedman_depths_entry_civil_slaughter, layout_basic,
          okawaru_ov_weapons_minmay

Skill      XL: |  1  2  3  4  5  6  7  8  9 10 11 12 |
---------------+-------------------------------------+-----
Maces & Flails | 3 4 5 7 9 10 12 | 12.0
Fighting       | 3 4 5 6 7 9 |  9.7
Armour         | 2 3 4 5 6 8 |  8.6
Shields        | 1 2 3 4 |  4.8
Evocations     | 1 3 |  3.5
Dodging        | |  1.5

Action                   |  1- 3 |  4- 6 |  7- 9 | 10-12 || total
-------------------------+-------+-------+-------+-------++-------
Melee: Mace              |    58 |    65 |       |       ||   123
       Bite              |    13 |    24 |    76 |   329 ||   442
       Flail             |       |    28 |    83 |       ||   111
       Whip              |       |       |   155 |   628 ||   783
Throw: Dart              |    73 |    46 |    22 |    14 ||   155
       Throwing net      |       |       |       |     1 ||     1
Invok: Berserk           |     3 |     4 |     2 |     2 ||    11
       Trog's Hand       |       |       |     3 |    13 ||    16
       Brothers in Arms  |       |       |       |     4 ||     4
Evoke: Wand              |       |     1 |     6 |    19 ||    26
       Phial of floods   |       |       |       |     1 ||     1
       Phantom mirror    |       |       |       |     1 ||     1
  Use: Scroll            |       |       |    16 |    11 ||    27
       Potion            |       |       |       |     2 ||     2
 Stab: Paralysed         |       |       |     4 |     6 ||    10
       Held in net/web   |       |       |       |     3 ||     3
       Invisible         |       |       |       |     5 ||     5
Armor: Animal skin       |    21 |       |       |       ||    21
       Leather armour    |     3 |     1 |       |       ||     4
       Chain mail        |       |    38 |    71 |   171 ||   280
Dodge: Dodged            |    34 |    47 |    52 |   148 ||   281
Block: Buckler           |     1 |    13 |    38 |   143 ||   195
       Rpst.: Whip       |       |       |       |    15 ||    15

Table legend: (Time is in decaauts)
 A = Elapsed time spent in this place.
 B = Non-inter-level travel time spent in this place.
 C = Inter-level travel time spent in this place.
 D = Time resting spent in this place.
 E = Time spent auto-exploring this place.
 F = Levels seen in this place.
 G = Mean time per level.
                   A        B        C        D        E       F      G
               +--------+--------+--------+--------+--------+-----+--------+
         Total |  11550 |  11164 |    386 |   1388 |   7292 |  16 |  721.9 |
       Dungeon |  11428 |  11042 |    386 |   1381 |   7292 |  15 |  761.9 |
        Bailey |    121 |    121 |      0 |      7 |      0 |   1 |  121.0 |
               +--------+--------+--------+--------+--------+-----+--------+

Top non-repeatable levels by time:
     D:5: 1282 daAuts
     D:8: 1268 daAuts
    D:10: 1241 daAuts
     D:1: 1235 daAuts
     D:2: 1124 daAuts
     D:3: 858 daAuts
     D:6: 795 daAuts
     D:7: 715 daAuts
     D:4: 688 daAuts
     D:9: 685 daAuts
    D:12: 658 daAuts
    D:11: 613 daAuts
    D:14: 133 daAuts
    D:15: 127 daAuts
  Bailey: 121 daAuts
